 Dungeon Crawl Stone Soup version 0.29-a0-369-gd956c00 (webtiles) character file.

Game seed: 7670199619436849518

28 lyrin the Insei (level 3, 0/18 HPs)
             Began as a Vine Stalker Transmuter on May 1, 2022.
             Slain by a kobold
             ... wielding a +0 dagger
              (2 damage)
             ... on level 1 of the Dungeon.
             The game lasted 00:01:09 (980 turns).

lyrin the Insei (Vine Stalker Transmuter)            Turns: 980, Time: 00:01:09

Health: 0/18       AC:  2    Str: 14    XL:     3   Next: 14%
Magic:  0/7        EV: 12    Int: 13    God:
Gold:   57         SH:  0    Dex: 14    Spells: 5/6 levels left

rFire   . . .      SeeInvis .     - Unarmed
rCold   . . .      Faith    .   (no shield)
rNeg    . . .      Spirit   +   a - +0 robe
rPois   .          Reflect  .   (no helmet)
rElec   .          Harm     .   (no cloak)
rCorr   .          Rampage  .   (no gloves)
Will    .....                   (no boots)
Stlth   +.........              (no amulet)
HPRegen 0.06/turn               (no ring)
MPRegen 0.10/turn               (no ring)

@: no status effects
A: fangs 2, magic shield, antimagic bite, no potion heal 2
a: no special abilities


You were on level 1 of the Dungeon.
You visited 1 branch of the dungeon, and saw 1 of its levels.

You collected 57 gold pieces.

Inventory:

Missiles
 i - 6 javelins
Armour
 a - a +0 robe (worn)
Jewellery
 c - a ring of ice
 h - a ring of flight
Scrolls
 d - a scroll of torment {unknown}
 e - a scroll of silence {unknown}
 g - a scroll of teleportation {unknown}
Potions
 b - a potion of lignification
 f - 2 potions of curing {unknown}


   Skills:
 + Level 1.0 Fighting
 + Level 1.7 Dodging
 * Level 3.9 Unarmed Combat
 + Level 2.2 Spellcasting
 * Level 2.1 Transmutations


You had 5 spell levels left.
You knew the following spells:

 Your Spells              Type           Power      Damage    Failure   Level
a - Beastly Appendage     Tmut           14%        N/A       11%         1

Your spell library contained the following spells:

 Spells                   Type           Power      Damage    Failure   Level
 Wereblood                Tmut           7%         N/A       16%         2
 Blink                    Tloc           2%         N/A       36%         2
 Spider Form              Tmut/Pois      4%         N/A       43%         3
 Lesser Beckoning         Tloc           1%         N/A       58%         3
 Ice Form                 Ice/Tmut       4%         N/A       85%         4
 Manifold Assault         Tloc           1%         N/A       100%        5


Dungeon Overview and Level Annotations

Branches:
Dungeon (1/15)

Altars:


Innate Abilities, Weirdness & Mutations

You have extremely sharp teeth.
When hurt, damage is shared between your health and your magic reserves.
Your bite disrupts and absorbs the magic of your enemies.
Potions cannot restore your health.


Message History

The ball python is moderately wounded.
The ball python closely misses you. The ball python barely misses you.
You hit the ball python. Your bite misses the ball python.
The ball python is severely wounded.
The ball python misses you. The ball python grabs you.
The ball python constricts you.
You punch the ball python!
You kill the ball python!
You hit the rat but do no damage. You bite the rat. You drain its power.
You feel invigorated.
The rat is moderately wounded.
The rat bites you but does no damage.
You barely miss the rat.
The rat is moderately wounded.
The rat bites you.
* * * LOW HITPOINT WARNING * * *
You closely miss the rat.
The rat is moderately wounded.
The rat barely misses you.
You barely miss the rat.
The rat is moderately wounded.
The rat barely misses you.
You hit the rat but do no damage.
The rat is moderately wounded.
The rat bites you.
* * * LOW HITPOINT WARNING * * *
You closely miss the rat. You bite the rat.
You kill the rat!
You hit the kobold. Your bite misses the kobold.
The kobold is heavily wounded.
The kobold hits you with a +0 whip.
* * * LOW HITPOINT WARNING * * *
You closely miss the kobold.
The kobold is heavily wounded.
The kobold hits you with a +0 whip.
* * * LOW HITPOINT WARNING * * *
You hit the kobold but do no damage. You punch the kobold.
You kill the kobold!
You completely miss the kobold. The kobold hits you with a +0 dagger.
You die...

# .#
#.............#.#
# .#
#...........#†#.#
#####
#.#....##...#>#.#
....#
#.#....##.#.#.#.#
....# .#
#.#.....#.#.#.#.#
....#...#
#.#.......#.#.#.#
....#...#
#.#.........#.#.#
....#...#
#.###.......#.#.#
........#
#.@KK...#.......#
......####
#####.#.).....###
..........
..........#.###
......##
#####S#...#.#
#.....# #.#.#.#.#
#.....##
......#..
#......####
........K.
#####.....#
............ #
#.....#
.........#.##


You could see 2 kobolds.

Vanquished Creatures
  A dart slug (D:1)
  3 ball pythons (D:1)
  2 endoplasms (D:1)
  5 giant cockroaches (D:1)
  A hobgoblin (D:1)
  3 kobolds (D:1)
  2 quokkas (D:1)
  A bat (D:1)
  A goblin (D:1)
  5 rats (D:1)
24 creatures vanquished.

Notes
Turn   | Place    | Note
-------+----------+-------------------------------------------
     0 | D:1      | lyrin the Vine Stalker Transmuter began the quest for the
                  | Orb.
     0 | D:1      | Reached XP level 1. HP: 9/9 MP: 4/4
   288 | D:1      | Reached XP level 2. HP: 2/14 MP: 0/6
   615 | D:1      | Reached skill level 1 in Fighting
   967 | D:1      | Reached XP level 3. HP: 5/18 MP: 2/7
   980 | D:1      | Slain by a kobold

Illustrated notes

Levels and vault maps discovered:
D:1:      sevenhm_arrival_forest_fort_small_3, layout_basic,
          lemuel_another_geyser

Skill      XL: |  1  2 |
---------------+-------+-----
Fighting       | 1 |  1.0
Dodging        | |  1.7
Unarmed Combat | |  3.9
Spellcasting   | |  2.2
Transmutations | |  2.1

Action                   || total
-------------------------++-------
Melee: Unarmed           ||    81
       Bite              ||    16
       Punch             ||     2
 Stab: Sleeping          ||     1
Armor: Robe              ||    15
Dodge: Dodged            ||    67

Table legend: (Time is in decaauts)
 A = Elapsed time spent in this place.
 B = Non-inter-level travel time spent in this place.
 C = Inter-level travel time spent in this place.
 D = Time resting spent in this place.
 E = Time spent auto-exploring this place.
 F = Levels seen in this place.
 G = Mean time per level.
                   A        B        C        D        E       F      G
               +--------+--------+--------+--------+--------+-----+--------+
         Total |    975 |    975 |      0 |    476 |    300 |   1 |  975.0 |
       Dungeon |    975 |    975 |      0 |    476 |    300 |   1 |  975.0 |
               +--------+--------+--------+--------+--------+-----+--------+

Top non-repeatable levels by time:
     D:1: 975 daAuts
